 Dungeon Crawl Stone Soup version 0.28.0-45-g0d030f2227 (webtiles) character file.

Game seed: 14740078202379106330

2986 MisterFreud the Covert (level 9, -8/74 HPs)
             Began as a Gnoll Delver on May 3, 2022.
             Was an Elder of Qazlal.
             Mangled by a two-headed ogre
             ... wielding a +0 giant club
              (22 damage)
             ... on level 8 of the Dungeon.
             The game lasted 00:08:58 (7180 turns).

MisterFreud the Covert (Gnoll Delver)               Turns: 7180, Time: 00:08:58

Health: -8/74      AC:  9    Str: 13    XL:     9   Next: 83%
Magic:  15/15      EV: 18    Int: 13    God:    Qazlal [****..]
Gold:   318        SH:  5    Dex: 13    Spells: 17/17 levels left

rFire   . . .      SeeInvis +   n - +2 whip (elec)
rCold   . . .      Faith    .   (no shield)
rNeg    . . .      Spirit   .   G - +0 steam dragon scales
rPois   .          Reflect  .   (no helmet)
rElec   .          Harm     .   (no cloak)
rCorr   .          Rampage  .   (no gloves)
Will    .....                   o - +2 pair of boots
Stlth   +++.......              m - amulet of the acrobat
HPRegen 0.22/turn               i - ring of see invisible
MPRegen 0.14/turn               C - +4 ring of evasion

@: repel missiles
A: fangs 1, strong nose, distributed training
a: Renounce Religion, Upheaval, Elemental Force


You were on level 8 of the Dungeon.
You worshipped Qazlal.
Qazlal was greatly pleased with you.
You visited 1 branch of the dungeon, and saw 8 of its levels.

You collected 318 gold pieces.

Inventory:

Hand Weapons
 a - a +0 short sword
 n - a +2 whip of electrocution (weapon)
 F - a +0 morningstar of draining
Missiles
 r - 3 boomerangs (quivered)
 x - 6 javelins
 y - 6 poisoned darts
Armour
 e - an orb of energy
 o - a +2 pair of boots (worn)
 z - a +2 chain mail of willpower
 G - +0 steam dragon scales (worn)
Jewellery
 i - a ring of see invisible (left hand)
 j - a ring of willpower
 m - an amulet of the acrobat (around neck)
 p - a ring of poison resistance
 C - a +4 ring of evasion (right hand)
Wands
 g - a wand of digging (3)
 h - a wand of iceblast (21)
 H - a wand of flame (17)
Scrolls
 b - a scroll of immolation {unknown}
 c - 2 scrolls of fog
 d - a scroll of magic mapping
 s - a scroll of amnesia
 t - 2 scrolls of fear
 v - 2 scrolls of blinking
 A - 4 scrolls of teleportation
 D - 2 scrolls of summoning {unknown}
 E - a scroll of enchant armour
Potions
 f - a potion of haste
 k - a potion of might
 l - 3 potions of degeneration {unknown}
 q - 2 potions of lignification
 u - a potion of brilliance {unknown}
 w - a potion of curing {unknown}
 B - a potion of mutation {unknown}


   Skills:
 + Level 8.1 Fighting
 + Level 6.6 Short Blades
 + Level 4.6 Long Blades
 + Level 4.6 Axes
 + Level 4.6 Maces & Flails
 + Level 4.6 Polearms
 + Level 4.6 Staves
 + Level 4.6 Slings
 + Level 4.6 Bows
 + Level 4.6 Crossbows
 + Level 4.6 Throwing
 + Level 4.6 Armour
 + Level 6.6 Dodging
 + Level 10.6 Stealth
 + Level 4.6 Shields
 + Level 4.6 Unarmed Combat
 + Level 4.6 Spellcasting
 + Level 3.8 Conjurations
 + Level 3.8 Hexes
 + Level 3.8 Summonings
 + Level 3.8 Necromancy
 + Level 3.8 Translocations
 + Level 3.8 Transmutations
 + Level 3.8 Fire Magic
 + Level 3.8 Ice Magic
 + Level 3.8 Air Magic
 + Level 3.8 Earth Magic
 + Level 3.8 Poison Magic
 + Level 5.1 Invocations
 + Level 4.6 Evocations


You had 17 spell levels left.
You didn't know any spells.
Your spell library contained the following spells:

 Spells                   Type           Power      Damage    Failure   Level
 Ignite Poison            Fire/Tmut/Pois 13%        N/A       12%         3
 Mephitic Cloud           Conj/Pois/Air  13%        N/A       12%         3
 Freezing Cloud           Conj/Ice/Air   6%         6-21      73%         5


Dungeon Overview and Level Annotations

Branches:
Dungeon (8/15)             Temple (0/1) D:7
   Lair: D:8-11

Altars:
Dithmenos
Hepliaklqana
Qazlal
Trog
Xom
Yredelemnul

Shops:
D:2 (:   D:6 :


Innate Abilities, Weirdness & Mutations

You have very sharp teeth.
Your uncanny sense of smell can sniff out nearby items.
Your experience applies equally to all skills.


Message History

A two-headed ogre is nearby!
You barely miss the two-headed ogre.
The two-headed ogre completely misses you.
The two-headed ogre misses you.
You barely miss the two-headed ogre.
You bite the two-headed ogre, but do no damage.
You hit the two-headed ogre.
The two-headed ogre is lightly wounded.
The two-headed ogre completely misses you.
The two-headed ogre misses you.
You hit the two-headed ogre.
The two-headed ogre is lightly wounded.
The two-headed ogre misses you.
The two-headed ogre hits you with a +0 giant club!!
You hit the two-headed ogre but do no damage.
The two-headed ogre is lightly wounded.
You barely miss the two-headed ogre.
The two-headed ogre is lightly wounded.
You block the two-headed ogre's attack. The two-headed ogre barely misses you.
You barely miss the two-headed ogre.
The two-headed ogre is lightly wounded.
You hit the two-headed ogre.
The two-headed ogre is moderately wounded.
The two-headed ogre misses you.
The two-headed ogre hits you with a +0 giant club!
You hit the two-headed ogre. You bite the two-headed ogre.
The two-headed ogre is moderately wounded.
The two-headed ogre barely misses you. The two-headed ogre misses you.
You hit the two-headed ogre. You bite the two-headed ogre.
The two-headed ogre is moderately wounded.
You hit the two-headed ogre.
The two-headed ogre is heavily wounded.
You block the two-headed ogre's attack.
The two-headed ogre hits you with a +0 giant club!
You hit the two-headed ogre.
The two-headed ogre is heavily wounded.
The two-headed ogre hits you with a +0 giant club!
* * * LOW HITPOINT WARNING * * *
The two-headed ogre hits you with a +0 giant club!!
You die...

#.....####
#........#
####.....#
#...<.#
#.....#
#.....#
####'##
#.# #@#
#..O..#
.....°..☼#
.........#
.....##+##
..... ....
###.


You could see a two-headed ogre.

Vanquished Creatures
  Maggie (D:7)
  A troll (D:7)
  A water moccasin (D:7)
  An acid dragon (D:7)
  An orc warrior (D:6)
  2 sky beasts
  A black bear (D:4)
  An ogre (D:4)
  2 necrophages (D:4)
  2 centaurs
  A phantom (D:6)
  3 bullfrogs
  4 scorpions
  A water moccasin skeleton (D:4)
  5 wights
  3 howler monkeys (D:7)
  2 hounds (D:6)
  3 orc priests (D:4)
  A jelly (D:6)
  A centaur skeleton (D:6)
  6 iguanas
  3 orc wizards
  6 adders
  3 gnolls (D:2)
  2 shadow imps (D:5)
  An ufetubus (D:6)
  2 worms (D:3)
  2 dart slugs
  20 orcs
  5 bats
  7 endoplasms
  3 giant cockroaches
  3 goblins
  4 hobgoblins
  12 jackals
  11 quokkas
  10 ball pythons
  3 frilled lizards
  4 kobolds
  7 rats
151 creatures vanquished.

Notes
Turn   | Place    | Note
-------+----------+-------------------------------------------
     0 | D:5      | Reached skill level 9 in Stealth
     0 | D:5      | MisterFreud the Gnoll Delver began the quest for the Orb.
     0 | D:5      | Reached XP level 1. HP: 23/23 MP: 1/1
     1 | D:6      | Noticed a hound
    64 | D:5      | Reached XP level 2. HP: 29/29 MP: 2/2
    91 | D:5      | Reached XP level 3. HP: 35/35 MP: 2/4
   238 | D:4      | Reached skill level 1 in Invocations
   302 | D:4      | Found a basalt altar of Yredelemnul.
   699 | D:1      | Reached skill level 1 in Long Blades
   699 | D:1      | Reached skill level 1 in Axes
   699 | D:1      | Reached skill level 1 in Maces & Flails
   699 | D:1      | Reached skill level 1 in Polearms
   699 | D:1      | Reached skill level 1 in Staves
   699 | D:1      | Reached skill level 1 in Slings
   699 | D:1      | Reached skill level 1 in Bows
   699 | D:1      | Reached skill level 1 in Crossbows
   699 | D:1      | Reached skill level 1 in Throwing
   699 | D:1      | Reached skill level 1 in Armour
   699 | D:1      | Reached skill level 1 in Shields
   699 | D:1      | Reached skill level 1 in Unarmed Combat
   699 | D:1      | Reached skill level 1 in Spellcasting
   699 | D:1      | Reached skill level 1 in Evocations
   932 | D:1      | Found a faded altar of an unknown god.
   943 | D:1      | Reached XP level 4. HP: 41/41 MP: 5/5
   952 | D:1      | Prayed at the altar of an unknown god.
   952 | D:1      | Became a worshipper of Qazlal Stormbringer
   952 | D:1      | Reached * piety under Qazlal
  1571 | D:2      | Found Ahyukulu's Weapon Shoppe.
  1589 | D:2      | Reached skill level 1 in Conjurations
  1589 | D:2      | Reached skill level 1 in Hexes
  1589 | D:2      | Reached skill level 1 in Summonings
  1589 | D:2      | Reached skill level 1 in Necromancy
  1589 | D:2      | Reached skill level 1 in Translocations
  1589 | D:2      | Reached skill level 1 in Transmutations
  1589 | D:2      | Reached skill level 1 in Fire Magic
  1589 | D:2      | Reached skill level 1 in Ice Magic
  1589 | D:2      | Reached skill level 1 in Air Magic
  1589 | D:2      | Reached skill level 1 in Earth Magic
  1589 | D:2      | Reached skill level 1 in Poison Magic
  1899 | D:2      | Found Copn's Book Shop.
  2025 | D:2      | Reached XP level 5. HP: 47/47 MP: 6/6
  2166 | D:3      | Reached ** piety under Qazlal
  2278 | D:3      | Noticed a centaur
  2294 | D:3      | Killed a centaur
  2295 | D:3      | Reached XP level 6. HP: 38/53 MP: 8/8
  2500 | D:3      | Reached skill level 5 in Short Blades
  2500 | D:3      | Reached skill level 5 in Dodging
  2747 | D:3      | Found a shimmering altar of Xom.
  2912 | D:3      | Found a bloodstained altar of Trog.
  3306 | D:4      | Noticed a necrophage
  3311 | D:4      | Killed a necrophage
  3439 | D:4      | Reached XP level 7. HP: 47/59 MP: 10/10
  3747 | D:4      | Reached *** piety under Qazlal
  4048 | D:4      | Found a hazy altar of Hepliaklqana.
  4064 | D:4      | Reached skill level 10 in Stealth
  4208 | D:4      | Reached XP level 8. HP: 54/67 MP: 12/12
  5882 | D:6      | Found Modielot's Book Boutique.
  6038 | D:6      | Found a shadowy altar of Dithmenos.
  6146 | D:6      | Reached XP level 9. HP: 72/72 MP: 14/14
  6437 | D:7      | Noticed a troll
  6442 | D:7      | Killed a troll
  6477 | D:6      | Reached **** piety under Qazlal
  6736 | D:7      | Noticed Maggie
  6753 | D:7      | Killed Maggie
  6874 | D:7      | Reached skill level 5 in Invocations
  7075 | D:7      | Found a staircase to the Ecumenical Temple.
  7168 | D:8      | Noticed a two-headed ogre
  7180 | D:8      | Mangled by a two-headed ogre

Illustrated notes

Levels and vault maps discovered:
D:1:      co_arrival_hall_of_pillars, layout_loops_corners,
          dreamdust_ecumenical_altar_grove
D:2:      layout_rooms, serial_shops, nicolae_shop_behind_doors,
          nicolae_shop_trees
D:3:      layout_basic, bloody_trog, old_standard_altar, minmay_mini_jars
D:4:      layout_gridville, nicolae_overflow_hidden_temple, minmay_between
D:5:      mumra_celtic_spiral_tile, layout_basic, gup_sewer_entry_bowl,
          kennysheep_generic_room_13
D:6:      layout_rooms, kennysheep_mini, serial_shops, nicolae_shop_trees
D:7:      layout_rooms, temple_hall, chequers_serial_rivers_small_3, uniq_maggie
D:8:      layout_basic, mainiacjoe_overflow_small_starburst,
          gammafunk_ghost_icy, minmay_manual_monstrance

Skill      XL: |  1  2  3  4  5  6  7  8  9 |
---------------+----------------------------+-----
Stealth        | 10 | 10.6
Invocations    | 1 2 3 4 5 |  5.1
Long Blades    | 1 2 3 4 |  4.6
Axes           | 1 2 3 4 |  4.6
Maces & Flails | 1 2 3 4 |  4.6
Polearms       | 1 2 3 4 |  4.6
Staves         | 1 2 3 4 |  4.6
Slings         | 1 2 3 4 |  4.6
Bows           | 1 2 3 4 |  4.6
Crossbows      | 1 2 3 4 |  4.6
Throwing       | 1 2 3 4 |  4.6
Armour         | 1 2 3 4 |  4.6
Shields        | 1 2 3 4 |  4.6
Unarmed Combat | 1 2 3 4 |  4.6
Spellcasting   | 1 2 3 4 |  4.6
Evocations     | 1 2 3 4 |  4.6
Conjurations   | 1 2 3 |  3.8
Hexes          | 1 2 3 |  3.8
Summonings     | 1 2 3 |  3.8
Necromancy     | 1 2 3 |  3.8
Translocations | 1 2 3 |  3.8
Transmutations | 1 2 3 |  3.8
Fire Magic     | 1 2 3 |  3.8
Ice Magic      | 1 2 3 |  3.8
Air Magic      | 1 2 3 |  3.8
Earth Magic    | 1 2 3 |  3.8
Poison Magic   | 1 2 3 |  3.8
Short Blades   | 5 6 |  6.6
Dodging        | 5 6 |  6.6
Fighting       | 7 8 |  8.1

Action                   |  1- 3 |  4- 6 |  7- 9 || total
-------------------------+-------+-------+-------++-------
Melee: Short sword       |    32 |       |       ||    32
       Whip              |    25 |   185 |   333 ||   543
       Bite              |     7 |    16 |    32 ||    55
       Punch             |     1 |     5 |     9 ||    15
  Use: Scroll            |     1 |     7 |     1 ||     9
       Potion            |       |       |     1 ||     1
 Stab: Sleeping          |     8 |       |       ||     8
Armor: Leather armour    |    19 |    52 |    45 ||   116
       Steam dragon scal |       |       |     5 ||     5
Dodge: Dodged            |    40 |   185 |   225 ||   450
Block: Other             |       |    27 |    64 ||    91
